 Dungeon Crawl Stone Soup version 0.18.1-48-g4cf74bf (webtiles) character file.

112 wutend the Cudgeler (level 4, -1/45 HPs)
             Began as an Ogre Warper on Sept 6, 2016.
             Killed from afar by an orc wizard (10 damage)
             ... with a puff of flame
             ... on level 3 of the Dungeon.
             The game lasted 00:13:54 (2570 turns).

wutend the Cudgeler (Ogre Warper)                   Turns: 2570, Time: 00:13:54

Health: -1/45      AC:  3    Str: 16    XL:     4   Next: 95%
Magic:  0/8        EV: 10    Int: 13    God:
Gold:   101        SH:  0    Dex:  9    Spells: 4 memorised, 1 level left

rFire  . . .     SeeInvis .     a - +0 mace
rCold  . . .     Gourm    .     b - +0 robe
rNeg   . . .     Faith    .     (no shield)
rPois  .         Spirit   +     (helmet restricted)
rElec  .         Dismiss  .     (no cloak)
rCorr  .         Reflect  .     (gloves unavailable)
SustAt .         Harm     .     (boots unavailable)
MR     .....                    o - amulet of guardian spirit
Stlth  +.........               (no ring)
                                (no ring)

@: not resistant to hostile enchantments, very unstealthy
A: unfitting armour, tough skin 1
a: no special abilities


You were on level 3 of the Dungeon.
You were hungry.

You visited 1 branch of the dungeon, and saw 3 of its levels.

You collected 101 gold pieces.

Inventory:

Hand Weapons
 a - a +0 mace (weapon)
Missiles
 e - 3 tomahawks of dispersal
 i - 72 stones (quivered)
 p - 8 tomahawks
Armour
 b - a +0 robe (worn)
Jewellery
 o - an amulet of guardian spirit (around neck)
 q - an uncursed amulet of faith {unknown}
Scrolls
 d - a scroll of blinking
 j - 2 scrolls of teleportation {unknown}
 m - a scroll of noise {unknown}
 n - 2 scrolls of remove curse {unknown}
 t - a scroll of enchant weapon {unknown}
 v - a scroll of random uselessness {unknown}
Potions
 g - a potion of berserk rage {unknown}
 h - a potion of lignification {unknown}
 k - 2 potions of curing {unknown}
 l - 2 potions of might {unknown}
 r - a potion of agility {unknown}
Books
 c - a book of Spatial Translocations

   Spells                             Type                      Level
   a - Apportation                    Translocation                1
   b - Blink                          Translocation                2
   c - Shroud of Golubria             Charms/Translocation         2
   d - Portal Projectile              Translocation                3
   e - Teleport Other                 Translocation                3
   f - Passage of Golubria            Translocation                4
Comestibles
 f - 4 bread rations
 s - 4 fruits


   Skills:
 + Level 3.1 Fighting
 * Level 4.0 Maces & Flails
 * Level 1.8 Throwing
 + Level 2.3 Dodging
 * Level 3.3 Spellcasting
 * Level 2.7 Translocations


You had one spell level left.
You knew the following spells:

 Your Spells              Type           Power        Failure   Level  Hunger
a - Apportation           Tloc           #.........   10%         1    #......
b - Blink                 Tloc           N/A          12%         2    ##.....
c - Shroud of Golubria    Chrm/Tloc      #.........   21%         2    ##.....
d - Portal Projectile     Tloc           #.....       21%         3    ###....


Dungeon Overview and Level Annotations

Branches:
Dungeon (3/15)

Altars:
Fedhas


Innate Abilities, Weirdness & Mutations

You are too large for most types of armour.
You have tough skin (AC +1).


Message History

You closely miss something.
Your shroud bends something's attack away.
Something hits you but does no damage.
You miss something.
Something hits you but does no damage. x2
You miss something. Something hits you.
Your shroud falls apart!
You hear some strange, mumbled words.
A puff of frost appears from out of thin air!
The puff of frost hits you!
You take 12 damage, and have 15/45 hp.
MASSIVE DAMAGE!!
You closely miss something. Something hits you but does no damage.
You barely miss something. Something hits you.
You take 1 damage, and have 14/45 hp.
You closely miss something. Something hits you.
* * * LOW HITPOINT WARNING * * *
You hear some strange, mumbled words.
A puff of flame appears from out of thin air!
The puff of flame hits you!
You die...

..........#.####### ..
............##### # #..
..........#..[>.# .. #..
#...............#
...#..####.......###....#
.....#b........####....#
........#####..........#
..###.#o##....##########
#..o{@...........
#.##############. #..#
.o... ..o...%.
...(....... (.(.........
.............
.............#


You could see 2 orcs.

Vanquished Creatures
  3 adders
  An ooze (D:2)
  A worm (D:2)
  5 dart slugs
  A giant gecko (D:1)
  An orc (D:3)
  10 bats
  7 goblins
  10 hobgoblins
  7 jackals
  2 quokkas (D:2)
  A ball python (D:2)
  3 giant newts
  4 kobolds
  5 rats
61 creatures vanquished.

Vanquished Creatures (others)
  A bat (D:3)
1 creature vanquished.

Grand Total: 62 creatures vanquished

Notes
Turn   | Place    | Note
--------------------------------------------------------------
     0 | D:1      | wutend the Ogre Warper began the quest for the Orb.
     0 | D:1      | Reached XP level 1. HP: 22/22 MP: 3/3
   212 | D:1      | Reached XP level 2. HP: 24/29 MP: 5/5
   374 | D:1      | Learned a level 2 spell: Blink
   377 | D:1      | Learned a level 2 spell: Shroud of Golubria
   405 | D:1      | Reached skill level 3 in Maces & Flails
   538 | D:1      | Reached XP level 3. HP: 36/36 MP: 1/7
  1318 | D:2      | Learned a level 3 spell: Portal Projectile
  1407 | D:2      | HP: 1/36 [poisoned by an adder]
  1539 | D:2      | Reached XP level 4. HP: 13/45 MP: 0/8
  1962 | D:2      | Found a blossoming altar of Fedhas.
  2552 | D:3      | Reached skill level 4 in Maces & Flails
  2570 | D:3      | Killed from afar by an orc wizard

Skill      XL: |  1  2  3  4 |
---------------+-------------+-----
Maces & Flails | 3 4 |  4.0
Spellcasting   | 3 |  3.3
Fighting       | 3 |  3.1
Throwing       | |  1.8
Dodging        | |  2.3
Translocations | |  2.7

Action                   |  1- 3 |  4- 6 || total
-------------------------+-------+-------++-------
Melee: Mace              |   127 |    95 ||   222
Throw: Stone             |    36 |    26 ||    62
       Tomahawk          |     2 |       ||     2
 Cast: Shroud of Golubri |     9 |     3 ||    12
       Portal Projectile |       |     1 ||     1
  Eat: Chunk             |     2 |     4 ||     6
Armor: Robe              |    38 |    46 ||    84
Dodge: Dodged            |    74 |    70 ||   144
